 Dungeon Crawl Stone Soup version 0.28-a0-479-g5baa6b73be (webtiles) character file.

Game seed: 11707489743826783483

175 Conn the Firebug (level 5, 0/31 HPs)
             Began as an Octopode Fire Elementalist on Sept 18, 2021.
             Slain by an iguana (10 damage)
             ... on level 4 of the Dungeon.
             The game lasted 00:06:37 (4026 turns).

Conn the Firebug (Octopode Fire Elementalist)       Turns: 4026, Time: 00:06:37

Health: 0/31       AC:  5    Str:  8    XL:     5   Next: 55%
Magic:  4/9        EV: 13    Int: 18    God:
Gold:   88         SH:  0    Dex: 12    Spells: 6/10 levels left

rFire   . . .      SeeInvis .   j - +0 dagger
rCold   . . .      Faith    .   (no shield)
rNeg    . . .      Spirit   .   (helmet restricted)
rPois   .          Reflect  .   (no amulet)
rElec   .          Harm     .   n - +4 ring of protection
rCorr   .          Rampage  .   (no ring)
Will    .....                   (no ring)
Stlth   +++.......              (no ring)
HPRegen 0.10/turn               (no ring)
MPRegen 0.11/turn               (no ring)
                                (no ring)
                                (no ring)

@: no status effects
A: almost no armour, amphibious, 8 rings, camouflage 1, gelatinous body 1,
(nimble swimmer 1), tentacles
a: no special abilities


You were on level 4 of the Dungeon.
You visited 1 branch of the dungeon, and saw 4 of its levels.

You collected 88 gold pieces.

Inventory:

Hand Weapons
 j - a +0 dagger (weapon)
Missiles
 o - 2 throwing nets
Jewellery
 n - a +4 ring of protection (left tentacle)
Scrolls
 a - 2 scrolls of fear {unknown}
 c - a scroll of noise {unknown}
 d - 5 scrolls of identify {unknown}
 g - a scroll of silence {unknown}
 k - 2 scrolls of teleportation {unknown}
 l - 2 scrolls of enchant armour {unknown}
 m - a scroll of summoning {unknown}
Potions
 b - a potion of haste {unknown}
 e - a potion of flight {unknown}
 f - a potion of invisibility {unknown}
 h - a potion of resistance {unknown}
 i - a potion of lignification {unknown}


   Skills:
 + Level 0.5 Short Blades
 + Level 2.4 Dodging
 + Level 3.5 Stealth
 + Level 3.1 Spellcasting
 + Level 2.3 Conjurations
 + Level 4.1 Fire Magic


You had 6 spell levels left.
You knew the following spells:

 Your Spells              Type           Power      Damage    Failure   Level
a - Foxfire               Conj/Fire      56%        2x1d6     4%          1
b - Conjure Flame         Conj/Fire      14%        6-21      13%         3

Your spell library contained the following spells:

 Spells                   Type           Power      Damage    Failure   Level
 Scorch                   Fire           34%        2d7       4%          2
 Freeze                   Ice            8%         1d3       16%         1
 Inner Flame              Hex/Fire       10%        N/A       21%         3
 Ensorcelled Hibernation  Hex/Ice        4%         N/A       24%         2
 Dazzling Flash           Conj/Hex       14%        N/A       30%         3
 Flame Wave               Conj/Fire      14%        3d5       38%         4
 Call Canine Familiar     Summ           2%         N/A       43%         3
 Frozen Ramparts          Ice            4%         1d2       43%         3
 Gell's Gravitas          Tloc           1%         N/A       43%         3
 Lesser Beckoning         Tloc           2%         N/A       43%         3
 Portal Projectile        Hex/Tloc       4%         N/A       43%         3
 Spider Form              Tmut/Pois      1%         N/A       43%         3
 Teleport Other           Tloc           2%         N/A       43%         3
 Hailstorm                Conj/Ice       7%         3d4       69%         4
 Leda's Liquefaction      Hex/Erth       1%         N/A       85%         4
 Agony                    Necr           2%         N/A       99%         5
 Blade Hands              Tmut           1%         N/A       99%         5
 Excruciating Wounds      Necr           1%         N/A       99%         5
 Silence                  Hex/Air        1%         N/A       99%         5


Dungeon Overview and Level Annotations

Branches:
Dungeon (4/15)
 Temple: D:4-7

Altars:
Dithmenos

Shops:
D:1 =


Innate Abilities, Weirdness & Mutations

You cannot wear most types of armour.
You are amphibious.
You can wear up to eight rings at the same time.
Your skin changes colour to match your surroundings (Stealth+).
Your rubbery body absorbs attacks. (AC +1, EV +1)
((You are camouflaged near water. (Stealth+)))
You have tentacles for arms and can constrict up to eight enemies at once.


Message History

The iguana completely misses you.
Unknown command.
Casting: Foxfire (safe; 4% risk of failure)
Confirm with . or Enter, or press ? or * to list all spells.
You conjure some foxfire!
The foxfire hits the iguana but does no damage.
The iguana is lightly wounded.
The iguana barely misses you.
Unknown command.
You closely miss the iguana. Your grab misses the iguana.
The iguana is lightly wounded.
The foxfire hits the iguana but does no damage.
The iguana is lightly wounded.
The foxfire hits the iguana.
The iguana is moderately wounded.
The foxfire hits the iguana but does no damage.
The iguana is moderately wounded.
The iguana bites you.
You hit the iguana but do no damage. Your grab misses the iguana.
The iguana is moderately wounded.
The iguana bites you!
Unknown command.
You barely miss the iguana. You grab the iguana.
The iguana is moderately wounded.
You constrict the iguana, but do no damage.
The iguana bites you but does no damage.
Unknown command.
Casting: Foxfire (safe; 4% risk of failure)
Confirm with . or Enter, or press ? or * to list all spells.
You conjure some foxfire!
You constrict the iguana. The iguana bites you.
Unknown command.
You hit the iguana but do no damage.
The iguana is heavily wounded.
You constrict the iguana, but do no damage.
The foxfire hits the iguana but does no damage.
The iguana is heavily wounded.
The foxfire hits the iguana but does no damage.
The iguana is heavily wounded.
The iguana bites you!
You die...

#†.# ### ####..# #..
..##..# #.# #.##..# #.#
#.##..# #.#
......#########.#####.#
#...............§.....#
#.###.#########.########
#.# #..........§@l.....)
#.#############§........
....## #########.
.....## ###...# #.##..#
._.#.# .....# ....##


You could see an iguana.

Vanquished Creatures
  A hound (D:4)
  An iguana (D:4)
  2 adders (D:3)
  An adder skeleton (D:4)
  3 worms
  3 dart slugs
  12 orcs
  3 endoplasms
  3 giant cockroaches
  6 goblins
  5 hobgoblins
  2 jackals (D:3)
  7 kobolds
  3 quokkas (D:3)
  4 ball pythons
  4 bats
  5 frilled lizards
  4 rats (D:2)
69 creatures vanquished.

Vanquished Creatures (others)
  206 foxfires
206 creatures vanquished.

Grand Total: 275 creatures vanquished

Notes
Turn   | Place    | Note
-------+----------+-------------------------------------------
     0 | D:1      | Conn the Octopode Fire Elementalist began the quest for the
                  | Orb.
     0 | D:1      | Reached XP level 1. HP: 11/11 MP: 3/3
   172 | D:1      | Found Qeymna Duli's Jewellery Shoppe.
   446 | D:1      | Reached XP level 2. HP: 17/17 MP: 1/5
   582 | D:1      | Found a faded altar of an unknown god.
  1691 | D:2      | Reached XP level 3. HP: 21/21 MP: 2/6
  2188 | D:2      | Learned a level 3 spell: Conjure Flame
  2693 | D:3      | Reached XP level 4. HP: 19/27 MP: 7/7
  3730 | D:4      | Reached skill level 4 in Fire Magic
  3730 | D:4      | Reached XP level 5. HP: 31/31 MP: 4/9
  3892 | D:4      | Found a shadowy altar of Dithmenos.
  4026 | D:4      | Slain by an iguana

Illustrated notes

Levels and vault maps discovered:
D:1:      minmay_arrival_plants_in_alcoves, layout_loops_corners, serial_shops,
          nicolae_shop_crystal, ebering_ecumenical_altar_rust,
          minmay_misc_feat_nine_boxes
D:2:      layout_basic, corexii_item_surrounded_by_moat, serial_park_tiny_pond
D:3:      layout_basic
D:4:      layout_loops_ring, nicolae_dithmenos_through_a_glass_darkly

Skill      XL: |  1  2  3  4 |
---------------+-------------+-----
Stealth        | 3 |  3.5
Conjurations   | 2 |  2.3
Spellcasting   | 3 |  3.1
Fire Magic     | 4 |  4.1
Short Blades   | |  0.5
Dodging        | |  2.4

Action                   |  1- 3 |  4- 6 || total
-------------------------+-------+-------++-------
Melee: Unarmed           |     9 |       ||     9
       Constrict         |     9 |     9 ||    18
       Tentacles         |     6 |     7 ||    13
       Dagger            |    14 |    35 ||    49
 Cast: Foxfire           |    58 |    67 ||   125
 Stab: Sleeping          |     1 |     2 ||     3
Armor: Skin              |       |     2 ||     2
Dodge: Dodged            |    10 |    31 ||    41

Table legend: (Time is in decaauts)
 A = Elapsed time spent in this place.
 B = Non-inter-level travel time spent in this place.
 C = Inter-level travel time spent in this place.
 D = Time resting spent in this place.
 E = Time spent auto-exploring this place.
 F = Levels seen in this place.
 G = Mean time per level.
                   A        B        C        D        E       F      G
               +--------+--------+--------+--------+--------+-----+--------+
         Total |   4024 |   3923 |    101 |    118 |   3021 |   4 | 1006.0 |
       Dungeon |   4024 |   3923 |    101 |    118 |   3021 |   4 | 1006.0 |
               +--------+--------+--------+--------+--------+-----+--------+

Top non-repeatable levels by time:
     D:2: 1249 daAuts
     D:3: 1147 daAuts
     D:1: 1090 daAuts
     D:4: 536 daAuts
